 Dungeon Crawl Stone Soup version 0.28.0-53-g5a82cb258f (webtiles) character file.

Game seed: 13678519850037861716

42 safid the Skirmisher (level 3, -1/33 HPs)
             Began as a Hill Orc Fighter on Aug 22, 2022.
             Slain by Sigmund
             ... wielding a +2 vorpal scythe
              (2 damage)
             ... on level 2 of the Dungeon.
             The game lasted 00:01:10 (1273 turns).

safid the Skirmisher (Hill Orc Fighter)             Turns: 1273, Time: 00:01:11

Health: -1/33      AC:  8    Str: 20    XL:     3   Next: 56%
Magic:  3/3        EV:  9    Int:  8    God:
Gold:   70         SH:  0    Dex: 10    Spells: 2/2 levels left

rFire   . . .      SeeInvis .   a - +0 war axe
rCold   . . .      Faith    .   c - +0 buckler
rNeg    . . .      Spirit   .   b - +0 scale mail
rPois   .          Reflect  .   e - +0 helmet
rElec   .          Harm     .   (no cloak)
rCorr   .          Rampage  .   (no gloves)
Will    .....                   (no boots)
Stlth   ..........              (no amulet)
HPRegen 0.11/turn               (no ring)
MPRegen 0.08/turn               (no ring)

@: confused, mighty
A: no striking features
a: no special abilities


You were on level 2 of the Dungeon.
You visited 1 branch of the dungeon, and saw 2 of its levels.

You collected 70 gold pieces.

Inventory:

Hand Weapons
 a - a +0 war axe (weapon)
Armour
 b - a +0 scale mail (worn)
 c - a +0 buckler (worn)
 e - a +0 helmet (worn)
Scrolls
 f - a scroll of identify {unknown}
 h - a scroll of enchant weapon {unknown}
 i - a scroll of enchant armour {unknown}
Potions
 g - a potion of brilliance {unknown}


   Skills:
 - Level 4.0 Fighting
 + Level 3.5 Axes
 + Level 3.8 Armour
 + Level 3.8 Shields


You had 2 spell levels left.
You didn't know any spells.
Your spell library was empty.

Dungeon Overview and Level Annotations

Branches:
Dungeon (2/15)

Altars:

Shops:
D:1 :

Annotations:
D:2 Sigmund


Message History

Sigmund gestures wildly while chanting.
Sigmund flickers and vanishes!
Deactivating autopickup; reactivate with Ctrl-A.
You closely miss the adder.
The adder is almost dead.
You hit something but do no damage. The adder bites you but does no damage.
Something hits you. The adder bites you but does no damage.
Unknown command.
You feel very mighty all of a sudden. The adder bites you.
You are poisoned.
The adder poisons you! Something hits you.
* * * LOW HITPOINT WARNING * * *
x2 The adder bites you but does no damage.
Unknown command.
You slash something! You closely miss the adder.
* * * LOW HITPOINT WARNING * * *
You feel sick. The adder barely misses you.
You hear some strange, mumbled words.
A magic dart appears from out of thin air!
The magic dart hits you.
* * * LOW HITPOINT WARNING * * *
You closely miss something. You closely miss the adder.
* * * LOW HITPOINT WARNING * * *
You feel sick. The adder barely misses you. You block the adder's attack.
Unknown command.
You miss something. You miss the adder.
* * * LOW HITPOINT WARNING * * *
You feel sick.
You are no longer poisoned.
The adder bites you but does no damage.
You hear some strange, mumbled words.
You are confused.
The adder barely misses you. Something hits you but does no damage.
Unknown command.
Unknown command.
You miss something. You miss the adder.
The adder bites you but does no damage. x2
Unknown command.
Something hits you.
You die...

..####.#...##+##
..†....#.####.# ..
.........# #.# ...
#......#.# #.# ....
#......#.# #.######....
#......#.####.##........
######.........'(S......
###.##.####........
###+##.# #@{...?..
#......# #........
#......# #........
#......# #........
#......# #........
#......# #########
#......# #.......
######..


You could see an adder.

Vanquished Creatures
  3 ball pythons (D:1)
  5 endoplasms (D:1)
  2 giant cockroaches (D:1)
  2 goblins (D:1)
  6 hobgoblins
  3 kobolds (D:1)
  3 quokkas (D:1)
  5 bats
  4 frilled lizards (D:1)
  3 rats (D:1)
36 creatures vanquished.

Notes
Turn   | Place    | Note
-------+----------+-------------------------------------------
     0 | D:1      | safid the Hill Orc Fighter began the quest for the Orb.
     0 | D:1      | Reached XP level 1. HP: 19/19 MP: 1/1
   221 | D:1      | Found Souteu's Book Boutique.
   274 | D:1      | Reached XP level 2. HP: 27/27 MP: 2/2
   541 | D:1      | Reached skill level 4 in Fighting
   631 | D:1      | Reached XP level 3. HP: 33/33 MP: 3/3
  1257 | D:2      | Noticed Sigmund
  1271 | D:2      | HP: 1/33 [poisoned by an adder]
  1273 | D:2      | Slain by Sigmund

Illustrated notes

Levels and vault maps discovered:
D:1:      wander_arrival_estate, layout_basic, serial_shops,
          nicolae_shop_advertising_works [nicolae_subvault_shop_adworks],
          hangedman_decor_opposing, minmay_bisected
D:2:      layout_basic, shapermc_ecumenical_altar_venn, uniq_sigmund

Skill      XL: |  1  2 |
---------------+-------+-----
Axes           | 3 |  3.5
Fighting       | 4 |  4.0
Armour         | |  3.8
Shields        | |  3.8

Action                   || total
-------------------------++-------
Melee: War axe           ||    84
  Use: Potion            ||     1
Armor: Scale mail        ||    57
Dodge: Dodged            ||    43
Block: Buckler           ||    15
